 Seeded DCSS version 0.31-a0-795-g5eb97db20b (webtiles) character file.

Game seed: 784279740803775113 (custom seed)

102 CarvArkoylaein the Covered (level 4, 41/41 HPs)
             Began as a Minotaur Fighter on Sept 19, 2023.
             Quit the game on level 2 of the Dungeon.
             The game lasted 00:04:24 (1507 turns).

CarvArkoylaein the Covered (Minotaur Fighter)       Turns: 1507, Time: 00:04:25

Health: 41/41      AC:  7    Str: 22    XL:     4   Next: 50%
Magic:  3/3        EV:  9    Int:  5    God:
Gold:   111        SH:  4    Dex: 10    Spells: 3/3 levels left

rFire   . . .        a - +0 war axe
rCold   . . .        c - +0 buckler
rNeg    . . .        b - +0 scale mail
rPois   .            (helmet restricted)
rElec   .            (no cloak)
rCorr   .            (no gloves)
SInv    .            (no boots)
Will    .....        (no amulet) Stlth
                     (no ring)
HPRegen 0.26/turn    (no ring)
MPRegen 0.08/turn

%: no passive effects
@: no status effects
A: horns 2, retaliatory headbutt
a: no special abilities


You were on level 2 of the Dungeon.
You visited 1 branch of the dungeon, and saw 2 of its levels.

You collected 111 gold pieces.

Inventory:

Hand Weapons
 a - a +0 war axe (weapon)
Armour
 b - a +0 scale mail (worn)
 c - a +0 buckler (worn)
Wands
 k - a wand of polymorph (10)
Scrolls
 f - a scroll of fear {unknown}
 g - a scroll of poison {unknown}
 i - a scroll of identify {unknown}
 l - a scroll of enchant armour {unknown}
Potions
 d - a potion of might
 e - a potion of mutation {unknown}
 h - 2 potions of curing {unknown}
 j - a potion of ambrosia {unknown}
 m - a potion of brilliance {unknown}


   Skills:
 + Level 4.3 Fighting
 + Level 4.1 Axes
 + Level 4.4 Armour
 + Level 4.1 Shields


You had 3 spell levels left.
You didn't know any spells.
Your spell library contained the following spells:

 Spells                   Type           Power      Damage    Failure   Level
 Apportation              Tloc           0%         N/A       86%         1
 Freeze                   Ice            0%         1d3       86%         1
 Shock                    Conj/Air       0%         1d3       86%         1
 Blink                    Tloc           0%         N/A       94%         2
 Jinxbite                 Hex            0%         N/A       94%         2
 Lesser Beckoning         Tloc           0%         N/A       94%         2
 Momentum Strike          Conj/Tloc      0%         3d8       94%         2
 Frozen Ramparts          Ice            0%         1d1       99%         3
 Hailstorm                Conj/Ice       0%         3d3       99%         3
 Inner Flame              Hex/Fire       0%         N/A       99%         3
 Swiftness                Air            0%         N/A       99%         3
 Airstrike                Air            0%         2d(0-16)  100%        4
 Alistair's Intoxication  Tmut/Pois      0%         N/A       100%        5
 Yara's Violent Unravell  Hex/Tmut       0%         3d3       100%        5
 Enfeeble                 Hex            0%         N/A       100%        7


Dungeon Overview and Level Annotations

Branches:
Dungeon (2/15)

Altars:


Innate Abilities, Weirdness & Mutations

You have a pair of horns on your head.
You reflexively headbutt those who attack you in melee.


Message History

You kill the kobold!
No target in view!
No target in view!
No target in view!
No target in view!
You see here a +0 whip.
You now have 111 gold pieces (gained 13).
Things that are here:
a +0 short sword; a stone; a kobold skeleton Natasha, Servant of Life and Death comes into view.
Natasha hisses angrily.
Natasha moves out of view.
No target in view!
No target in view!
No target in view!
No target in view!
No target in view!
No target in view!
No target in view!
No target in view!
No target in view!
No target in view!
Natasha is nearby!
Natasha is nearby!
Natasha is nearby!
You slash Natasha! You headbutt Natasha.
You kill Natasha!
Natasha screams in fury as she dies!
Your Axes skill increases to level 4!
No target in view!
No target in view!
No target in view!
No target in view!
You see here an adder skeleton.
Things that are here:
a +0 dagger; 3 stones Done exploring.
No target in view!
Done exploring.
Are you sure you want to abandon this character and quit the game? (Confirm with "yes".)

...##.....#.#.#..........##.# #.#
..###...#.#.#.#.#.......)...###.#
#.# #...........#.....#..........
#.# #.#.###.#.###.....#.#######.#
#.###.#.....#.........#.# #......
#...#.##############..#.# #.###.#
###.#.................#.# #.# #..
#...###############.#.# #.# #..
#####...........@# #.#.# #.# #..
..# ##....######.# #.#.# #.# #..
..# ####.## #.# #.#.# #.###..
..##### #..#####.# #.#.# #......
..'...# #.....##.####.#.###.#####
..###.# #.###.##......#.##..# ###
#.# #.# #.#########.##.## #.# #.#
#.# ##..†..# #.# #.# #†#
###..(####


There were no monsters in sight!

Vanquished Creatures
  Natasha (twice) (D:2)
  An adder (D:2)
  3 dart slugs
  4 endoplasms
  2 giant cockroaches (D:1)
  2 goblins (D:1)
  3 hobgoblins
  3 jackals (D:2)
  A quokka (D:1)
  3 ball pythons
  3 bats
  6 kobolds
  6 rats
39 creatures vanquished.

Notes
Turn   | Place    | Note
-------+----------+-------------------------------------------
     0 | D:1      | CarvArkoylaein the Minotaur Fighter began the quest for the
                  | Orb.
     0 | D:1      | Reached XP level 1. HP: 19/19 MP: 0/0
   163 | D:1      | Reached XP level 2. HP: 27/27 MP: 1/1
   972 | D:2      | Reached XP level 3. HP: 33/33 MP: 2/2
  1085 | D:2      | Noticed Natasha
  1090 | D:2      | Killed Natasha
  1129 | D:2      | Reached XP level 4. HP: 40/40 MP: 3/3
  1408 | D:2      | Noticed Natasha
  1411 | D:2      | Killed Natasha
  1507 | D:2      | Quit the game

Illustrated notes

Levels and vault maps discovered:
D:1:      spicycebolla_green_bress_n_ham_2, layout_basic
D:2:      layout_basic, chequers_serial_rivers_small_a, uniq_natasha

Skill      XL: |  1  2  3  4 |
---------------+-------------+-----
Armour         | 4 |  4.4
Fighting       | 4 |  4.3
Shields        | 4 |  4.1
Axes           | 3 4 |  4.1

Action                     |  1- 3 |  4- 6 || total
---------------------------+-------+-------++-------
  Melee: War axe           |    55 |    12 ||    67
         Headbutt          |     6 |     2 ||     8
 Armour: Scale mail        |    41 |     5 ||    46
  Dodge: Dodged            |    21 |     9 ||    30
  Block: Buckler           |    14 |     3 ||    17

Table legend: (Time is in decaauts)
 A = Elapsed time spent in this place.
 B = Non-inter-level travel time spent in this place.
 C = Inter-level travel time spent in this place.
 D = Time resting spent in this place.
 E = Time spent auto-exploring this place.
 F = Levels seen in this place.
 G = Mean time per level.
                   A        B        C        D        E       F      G
               +--------+--------+--------+--------+--------+-----+--------+
         Total |   1537 |    927 |    610 |      0 |    699 |   2 |  768.5 |
       Dungeon |   1537 |    927 |    610 |      0 |    699 |   2 |  768.5 |
               +--------+--------+--------+--------+--------+-----+--------+

Top non-repeatable levels by time:
     D:2: 768 daAuts
     D:1: 768 daAuts
